 Dungeon Crawl Stone Soup version 0.29.0-4-gdea44cf6ec (webtiles) character file.

Game seed: 12606566953156485102

1234 qw the Cleaver (level 8, -13/46 HPs)
             Began as a Tengu Warper on Aug 28, 2022.
             Was a Follower of Okawaru.
             Succumbed to a kobold brigand's curare-tipped dart
             ... on level 7 of the Dungeon.
             The game lasted 00:00:32 (5580 turns).

qw the Cleaver (Tengu Warper)                       Turns: 5580, Time: 00:00:33

Health: -13/46     AC: 10    Str: 19    XL:     8   Next: 48%
Magic:  10/12      EV: 12    Int: 13    God:    Okawaru [*.....]
Gold:   303        SH:  0    Dex: 15    Spells: 11/11 levels left

rFire   . . .      SeeInvis .   Y - +2 hand axe (freeze)
rCold   . . .      Faith    .   (no shield)
rNeg    . . .      Spirit   .   k - +0 chain mail
rPois   .          Reflect  .   (helmet restricted)
rElec   .          Harm     .   (no cloak)
rCorr   .          Rampage  .   (no gloves)
Will    .....                   (boots unavailable)
Stlth   ..........              l - amulet of regeneration
HPRegen 0.95/turn               e - +6 ring of strength
MPRegen 0.13/turn               (no ring)

@: lethally poisoned (-13 -> -55), about to teleport, heroic, flying quickly and
evasively, slowed, very slow
A: beak, talons 3, nimble flight
a: Renounce Religion, Heroism


You were on level 7 of the Dungeon.
You worshipped Okawaru.
Okawaru was aware of your devotion.
You visited 1 branch of the dungeon, and saw 7 of its levels.

You collected 355 gold pieces.
You spent 52 gold pieces at shops.


Innate Abilities, Weirdness & Mutations

You have a beak for a mouth.
You have claws for feet.
Your magical nature lets you fly swiftly and evasively.


   Skills:
 + Level 3.5(8.5) Fighting
 - Level 9.0(14.0) Axes
 - Level 1.0(6.0) Throwing
 - Level 3.0(8.0) Armour
 - Level 2.1(7.1) Dodging
 - Level 2.0 Spellcasting
 - Level 2.4 Translocations
 + Level 3.6 Invocations


You had 11 spell levels left.
You didn't know any spells.
Your spell library contained the following spells:

 Spells                   Type           Power      Damage    Failure   Level
 Blink                    Tloc           14%        N/A       77%         2
 Gell's Gravitas          Tloc           7%         N/A       94%         3
 Lesser Beckoning         Tloc           7%         N/A       94%         3
 Teleport Other           Tloc           7%         N/A       94%         3
 Manifold Assault         Tloc           7%         N/A       100%        5

Inventory:

Hand Weapons
 m - a +0 flail
 Y - a +2 hand axe of freezing (weapon)
Missiles
 i - 2 boomerangs (quivered)
Armour
 k - a +0 chain mail (worn)
Jewellery
 e - a +6 ring of strength (left hand)
 l - an amulet of regeneration (around neck)
Scrolls
 a - a scroll of identify
Potions
 b - a potion of curing
 d - 2 potions of heal wounds
 f - a potion of might
 g - a potion of mutation {unknown}
 h - a potion of haste {unknown}
 j - a potion of flight {unknown}
 n - a potion of lignification {unknown}
 o - a potion of berserk rage {unknown}
 q - a potion of degeneration {unknown}
 r - a potion of cancellation {unknown}

Dungeon Overview and Level Annotations

Branches:
Dungeon (7/15)             Temple (0/1) D:5

Altars:
Ashenzari
Elyvilon
Okawaru
Qazlal
Sif Muna
Trog
Wu Jian
Yredelemnul
Zin

Shops:
D:2 (


Message History

The kobold brigand is moderately wounded.
Throw: 4 boomerangs
Press: ? - help, Q - select action Shift-Dir - straight line, f/p - kobold brigand You throw a boomerang.
The boomerang completely misses the kobold brigand.
Throw: 3 boomerangs
Press: ? - help, Q - select action Shift-Dir - straight line, f/p - kobold brigand You throw a boomerang.
The boomerang barely misses the kobold brigand.
The kobold brigand throws a curare-tipped dart.
The curare-tipped dart hits you.
You are poisoned.
You have difficulty breathing.
You feel yourself slow down.
Throw: 2 boomerangs
Press: ? - help, Q - select action Shift-Dir - straight line, f/p - kobold brigand You throw a boomerang.
The boomerang hits the kobold brigand.
The kobold brigand is moderately wounded.
You feel very sick.
The kobold brigand throws a curare-tipped dart.
The curare-tipped dart hits you.
You are more poisoned.
You have difficulty breathing.
You feel as though you will be slow longer.
The kobold brigand throws a curare-tipped dart.
The curare-tipped dart hits you.
You are lethally poisoned!
You have difficulty breathing.
You feel as though you will be slow longer.
5579 ||| INVOKING Heroism.
You gain the combat prowess of a mighty hero.
You feel extremely sick.
The kobold brigand throws a curare-tipped dart.
The curare-tipped dart hits you.
You are more poisoned.
You have difficulty breathing.
You feel as though you will be slow longer.
5580 ||| READING scroll of teleportation.
As you read the scroll of teleportation, it crumbles to dust.
You feel strangely unstable.
You die...

#.... .# $#.. #...#
._... #...###########
#.#.. #...#.........# #
#.... ##...#.......<.#
..#....##....#....>....#
......#......#.........#
.#...K.@##...#.........#
.....)))..%............#
......%..#####.........#
....#.##..# #..........#
... #. ##.# #..........#
.. #. ## #.^........# .
# ...########## ####


You could see a kobold brigand.

Vanquished Creatures
  A water moccasin (D:6)
  An orc warrior (D:6)
  A black bear (D:5)
  A centaur (D:6)
  An ice beast (D:7)
  2 necrophages
  2 scorpions
  2 howler monkeys
  3 hounds
  6 iguanas
  An orc wizard (D:3)
  A gnoll (D:4)
  7 adders
  A shadow imp (D:5)
  An ufetubus (D:6)
  3 worms
  2 dart slugs (D:2)
  10 orcs
  7 endoplasms
  8 giant cockroaches
  8 goblins
  8 hobgoblins
  6 jackals
  4 quokkas
  5 ball pythons
  2 bats
  5 frilled lizards (D:1)
  13 kobolds
  4 rats (D:1)
116 creatures vanquished.

Vanquished Creatures (others)
  3 plants (D:2)
3 creatures vanquished.

Grand Total: 119 creatures vanquished

Notes
Turn   | Place    | Note
-------+----------+-------------------------------------------
     0 | D:1      | qw the Tengu Warper began the quest for the Orb.
     0 | D:1      | Reached XP level 1. HP: 12/12 MP: 4/4
     0 | D:1      | 0 ||| qw: Version: 0.1-a-89-g26bdef1
     0 | D:1      | 0 ||| qw: Game counter: 2078
     0 | D:1      | 0 ||| qw: Always use a shield: true
     0 | D:1      | 0 ||| qw: God list: Okawaru
     0 | D:1      | 0 ||| qw: Allow faded altars: false
     0 | D:1      | 0 ||| qw: Do Orc after D:15 true
     0 | D:1      | 0 ||| qw: Do second Lair branch before Depths: true
     0 | D:1      | 0 ||| qw: Lair rune preference: random
     0 | D:1      | 0 ||| qw: Plans: Normal
     0 | D:1      | 0 ||| PLANNING D:1-11
   424 | D:1      | Reached skill level 3 in Axes
   424 | D:1      | Reached XP level 2. HP: 14/17 MP: 6/6
   861 | D:1      | 861 ||| Stepping ~*~*~tactically~*~*~ (stealth).
   863 | D:1      | 863 ||| Stepping ~*~*~tactically~*~*~ (stealth).
   929 | D:1      | Found a faded altar of an unknown god.
  1368 | D:1      | 1368 ||| Stepping ~*~*~tactically~*~*~ (stealth).
  1369 | D:1      | 1369 ||| Stepping ~*~*~tactically~*~*~ (stealth).
  1467 | D:1      | 1467 ||| READING 2 scrolls labelled NOM CUTHAISALL.
  1468 | D:1      | 1468 ||| READING scroll labelled PEOZIT ZAOT.
  1469 | D:1      | 1469 ||| READING scroll labelled KOT ZIBY BIOPE.
  1470 | D:1      | 1470 ||| READING scroll labelled MUPRAR PUMOIM.
  1475 | D:1      | 1475 ||| READING 2 scrolls labelled ODE TIEXAP.
  1476 | D:1      | 1476 ||| DROPPING scroll of blinking.
  1477 | D:1      | 1477 ||| DROPPING scroll of amnesia.
  1483 | D:2      | 1483 ||| STAIRDANCE
  1486 | D:2      | 1486 ||| Stepping ~*~*~tactically~*~*~ (stealth).
  1493 | D:2      | Reached XP level 3. HP: 19/21 MP: 7/7
  1505 | D:2      | Reached skill level 4 in Axes
  1527 | D:2      | Found Zaxa Rapt's Antique Weapon Shoppe.
  1533 | D:2      | 1533 ||| SHOPLISTING runed mace (126 gold, have 64).
  1533 | D:2      | 1533 ||| BUYING whip (52 gold).
  1533 | D:2      | Bought a whip for 52 gold pieces
  1533 | D:2      | 1533 ||| DROPPING +0 club.
  1552 | D:2      | 1552 ||| READING scroll of enchant weapon.
  1552 | D:2      | 1552 ||| ENCHANTING +1 hand axe of protection.
  1873 | D:2      | Found a basalt altar of Yredelemnul.
  1900 | D:2      | 1900 ||| Stepping ~*~*~tactically~*~*~ (hiding).
  2366 | D:2      | 2366 ||| Stepping ~*~*~tactically~*~*~ (stealth).
  2370 | D:2      | 2370 ||| Stepping ~*~*~tactically~*~*~ (stealth).
  2411 | D:2      | Reached XP level 4. HP: 26/26 MP: 8/8
  2720 | D:2      | 2720 ||| UPGRADING to +0 ring mail.
  2730 | D:2      | 2730 ||| DROPPING +0 leather armour.
  2731 | D:2      | 2731 ||| UPGRADING to amulet of regeneration.
  2736 | D:2      | 2736 ||| UPGRADING to +6 ring of strength.
  2737 | D:2      | 2737 ||| READING scroll labelled MYGUSUT TEAT.
  2738 | D:2      | 2738 ||| READING scroll labelled VAON UCVIKUCO.
  2739 | D:2      | 2739 ||| READING scroll labelled FEOMOI LUCE.
  2740 | D:2      | 2740 ||| DRINKING 2 glowing ruby potions.
  2741 | D:2      | 2741 ||| DROPPING potion of attraction.
  2742 | D:2      | 2742 ||| Stepping randomly (stuck).
  2743 | D:2      | 2743 ||| Stepping ~*~*~tactically~*~*~ (cloud).
  2843 | D:3      | Noticed an air elemental
  2845 | D:3      | Found a stormy altar of Qazlal.
  2847 | D:3      | Noticed a fire elemental
  2847 | D:3      | Noticed an earth elemental
  2847 | D:3      | Noticed a water elemental
  2930 | D:3      | Reached skill level 5 in Axes
  2956 | D:3      | 2956 ||| Stepping ~*~*~tactically~*~*~ (hiding).
  2957 | D:3      | 2957 ||| Stepping ~*~*~tactically~*~*~ (hiding).
  3018 | D:3      | Gained mutation: Your magical nature lets you fly swiftly
                  | and evasively. [Tengu growth]
  3018 | D:3      | Reached XP level 5. HP: 30/30 MP: 9/9
  3469 | D:3      | 3469 ||| READING scroll labelled YMILIW XICITUR.
  3596 | D:4      | 3596 ||| Stepping ~*~*~tactically~*~*~ (stealth).
  3598 | D:4      | 3598 ||| Stepping ~*~*~tactically~*~*~ (stealth).
  3617 | D:4      | Reached skill level 6 in Axes
  3626 | D:4      | Found an ornate altar of the Wu Jian Council.
  3724 | D:4      | 3724 ||| Stepping ~*~*~tactically~*~*~ (stealth).
  3914 | D:4      | Found a shimmering blue altar of Sif Muna.
  3950 | D:4      | Reached XP level 6. HP: 34/35 MP: 10/10
  4087 | D:4      | Found a glowing silver altar of Zin.
  4088 | D:4      | Noticed an angel
  4114 | D:4      | Found an iron altar of Okawaru.
  4123 | D:4      | Became a worshipper of Warmaster Okawaru
  4200 | D:4      | 4200 ||| UPGRADING to +0 chain mail.
  4210 | D:4      | 4210 ||| DROPPING +0 ring mail.
  4211 | D:4      | 4211 ||| DRINKING 2 glowing coppery potions.
  4233 | D:5      | Entered Level 5 of the Dungeon
  4233 | D:5      | Found a staircase to the Ecumenical Temple.
  4267 | D:5      | Noticed a black bear
  4273 | D:5      | Killed a black bear
  4274 | D:5      | Reached skill level 3 in Armour
  4340 | D:5      | Reached skill level 7 in Axes
  4538 | D:5      | Found a white marble altar of Elyvilon.
  4716 | D:5      | Found a bloodstained altar of Trog.
  4746 | D:5      | Reached skill level 3 in Fighting
  4746 | D:5      | Reached XP level 7. HP: 41/41 MP: 11/11
  4751 | D:5      | 4751 ||| READING scroll of brand weapon.
  4751 | D:5      | 4751 ||| BRANDING +2 hand axe of protection.
  4882 | D:5      | 4882 ||| DROPPING amulet of the acrobat.
  4883 | D:5      | 4883 ||| READING scroll labelled CUTARASTEM.
  4884 | D:5      | 4884 ||| READING scroll labelled ZADIYLIETS.
  4885 | D:5      | 4885 ||| DRINKING 2 fuming silvery potions.
  4886 | D:5      | 4886 ||| DRINKING 2 red potions.
  4887 | D:5      | 4887 ||| READING 2 scrolls of identify.
  4887 | D:5      | 4887 ||| IDENTIFYING amethyst potion
  4888 | D:5      | 4888 ||| DROPPING potion of invisibility.
  4931 | D:6      | 4931 ||| Stepping ~*~*~tactically~*~*~ (stealth).
  4932 | D:6      | 4932 ||| Stepping ~*~*~tactically~*~*~ (stealth).
  4934 | D:6      | 4934 ||| Stepping ~*~*~tactically~*~*~ (stealth).
  5001 | D:6      | 5001 ||| Stepping ~*~*~tactically~*~*~ (hiding).
  5009 | D:6      | Reached * piety under Okawaru
  5010 | D:6      | Reached skill level 8 in Axes
  5072 | D:6      | 5072 ||| Stepping ~*~*~tactically~*~*~ (stealth).
  5153 | D:6      | Reached skill level 1 in Invocations
  5194 | D:6      | 5194 ||| INVOKING Heroism.
  5226 | D:6      | 5226 ||| Stepping ~*~*~tactically~*~*~ (stealth).
  5234 | D:6      | Reached XP level 8. HP: 41/46 MP: 12/12
  5276 | D:6      | 5276 ||| Stepping ~*~*~tactically~*~*~ (stealth).
  5355 | D:6      | 5355 ||| INVOKING Heroism.
  5363 | D:6      | Reached skill level 3 in Invocations
  5380 | D:6      | 5380 ||| DROPPING +0 whip.
  5533 | D:7      | Reached skill level 9 in Axes
  5556 | D:7      | Found a broken altar of Ashenzari.
  5568 | D:7      | 5568 ||| FLEEEEING.
  5579 | D:7      | 5579 ||| INVOKING Heroism.
  5579 | D:7      | HP: 1/46 [asphyx]
  5580 | D:7      | 5580 ||| READING scroll of teleportation.
  5580 | D:7      | Succumbed to a kobold brigand's curare-tipped dart

Levels and vault maps discovered:
D:1:      evilmike_arrival_rings, layout_basic, ebering_ecumenical_altar_ruins
D:2:      layout_loops_corners, serial_shops, shop, basic_altar, serial_forest,
          infiniplex_forest_end_3, infiniplex_forest_corner_1,
          infiniplex_forest_3_way, infiniplex_forest_straight_5,
          infiniplex_forest_corner_2, infiniplex_forest_clump_tiny,
          infiniplex_forest_lined_corner, infiniplex_forest_clump_curved,
          kennysheep_another_room
D:3:      layout_loops_ring, nicolae_qazlal_style_of_elements
D:4:      layout_basic, nicolae_wu_jian_immortal_techniques, zin_angel,
          okawaru_altar_gauntlet_db, mainiacjoe_overflow_catwalk,
          kennysheep_generic_room_4
D:5:      layout_loops_cross, lemuel_coloured_pillars_altar, elyvilon_altar_4,
          temple_statues
D:6:      layout_cave_pools, serial_column_ruins, column_ruins_pillar_7,
          column_ruins_pillar_1, column_ruins_pillar_3, column_ruins_pillar_1,
          column_ruins_pillar_9, column_ruins_pillar_3, column_ruins_pillar_10,
          column_ruins_pillar_2, column_ruins_pillar_7, column_ruins_pillar_4,
          column_ruins_pillar_4, column_ruins_pillar_7, column_ruins_pillar_2,
          column_ruins_pillar_6, column_ruins_pillar_4, column_ruins_pillar_1,
          column_ruins_pillar_1, column_ruins_pillar_6
D:7:      layout_rooms, ashenzari_altar_1

Skill      XL: |  1  2  3  4  5  6  7  8 |
---------------+-------------------------+-----
Axes           | 3 4 5 6 7 8 9 |  9.0
Armour         | 3 |  3.0
Fighting       | 3 |  3.5
Invocations    | 2 3 |  3.6
Throwing       | |  1.0
Dodging        | |  2.1
Spellcasting   | |  2.0
Translocations | |  2.4

Action                   |  1- 3 |  4- 6 |  7- 9 || total
-------------------------+-------+-------+-------++-------
Melee: Hand axe          |   103 |   111 |    69 ||   283
       Kick              |    20 |    39 |    23 ||    82
       Peck              |    13 |    13 |    19 ||    45
       Punch             |       |       |     1 ||     1
Throw: Boomerang         |    13 |    58 |    39 ||   110
Invok: Heroism           |       |       |     3 ||     3
  Use: Scroll            |     6 |     4 |     5 ||    15
       Potion            |       |     2 |     2 ||     4
Armor: Leather armour    |    32 |       |       ||    32
       Ring mail         |       |    34 |       ||    34
       Chain mail        |       |    10 |    27 ||    37
Dodge: Dodged            |    51 |    44 |    28 ||   123

Table legend:
 A = Non-vault XP
 B = Vault XP
 C = Vault XP percentage of total XP
 D = Non-vault monster count
 E = Vault monster count
 F = Vault count percentage of total count
                 A         B        C        D         E       F
            +---------+---------+-------+---------+---------+-------
      Total |    1735 |      28 |   1.6 |     108 |       8 |   6.9
            +---------+---------+-------+---------+---------+-------
        D:1 |      31 |       0 |   0.0 |      22 |       0 |   0.0
        D:2 |      59 |       0 |   0.0 |      19 |       0 |   0.0
        D:3 |      95 |       0 |   0.0 |      18 |       0 |   0.0
        D:4 |     132 |      26 |  16.5 |      15 |       7 |  31.8
        D:5 |     308 |       2 |   0.6 |      11 |       1 |   8.3
        D:6 |     851 |       0 |   0.0 |      16 |       0 |   0.0
        D:7 |     259 |       0 |   0.0 |       7 |       0 |   0.0
            +---------+---------+-------+---------+---------+-------
